 Dungeon Crawl Stone Soup version 0.31.0-12-g77e489cdc1 (webtiles) character file.

Game seed: 11929557746838908778

69 Gadfly the Cudgeller (level 4, -3/44 HPs)
             Began as an Oni Gladiator on Feb 20, 2024.
             Slain by Terence
             ... wielding a +0 hand axe
              (7 damage)
             ... on level 2 of the Dungeon.
             The game lasted 00:02:18 (809 turns).

Gadfly the Cudgeller (Oni Gladiator)                 Turns: 809, Time: 00:02:19

Health: -3/44      AC:  3    Str: 20    XL:     4   Next: 20%
Magic:  5/5        EV: 10    Int:  9    God:
Gold:   65         SH:  0    Dex: 10    Spells: 3/3 levels left

rFire   . . .        a - +0 flail
rCold   . . .        (no shield)
rNeg    . . .        b - +0 robe
rPois   .            c - +0 hat
rElec   .            (no cloak)
rCorr   .            (gloves unavailable)
SInv    .            (boots unavailable)
Will    .....        f - amulet of regeneration
Stlth   +            (no ring)
HPRegen 1.07/turn    (no ring)
MPRegen 0.09/turn

%: no passive effects
@: no status effects
A: large, unfitting armour, horns 1, tough skin 1, double potion healing,
drunken brawling
a: no special abilities


You were on level 2 of the Dungeon.
You visited 1 branch of the dungeon, and saw 2 of its levels.

You collected 65 gold pieces.

Inventory:

Hand Weapons
 a - a +0 flail (weapon)
Missiles
 d - 3 throwing nets (quivered)
 e - a large rock
Armour
 b - a +0 robe (worn)
 c - a +0 hat (worn)
Jewellery
 f - an amulet of regeneration (around neck)
 i - a ring of see invisible
Scrolls
 h - 3 scrolls of identify {unknown}
 k - a scroll of enchant weapon {unknown}
Potions
 g - a potion of curing {unknown}
 j - a potion of haste {unknown}


   Skills:
 + Level 2.8 Fighting
 * Level 3.4 Maces & Flails
 * Level 2.5 Throwing
 * Level 1.3 Armour
 - Level 2.6 Dodging
 * Level 1.6 Invocations
 * Level 1.1 Evocations


You had 3 spell levels left.
You didn't know any spells.
Your spell library was empty.

Dungeon Overview and Level Annotations

Branches:
Dungeon (1/15)

Altars:

Annotations:
D:2 Terence


Innate Abilities, Weirdness & Mutations

You are too large for most types of armour.
You have a pair of small horns on your head.
You have tough skin. (AC +1)
You gain doubled healing and magic from potions.
Whenever you drink a healing potion, you attack all around you.


Message History

Terence hits you with a +0 hand axe!
You hit Terence.
Terence is severely wounded.
Terence hits you with a +0 hand axe.
You barely miss Terence. Your headbutt misses Terence.
Terence is severely wounded.
Terence hits you with a +0 hand axe!
You barely miss Terence.
Terence is severely wounded.
Terence hits you with a +0 hand axe! Terence hits you with a +0 hand axe.
You are too injured to fight recklessly!
You are too injured to fight recklessly!
You are too injured to fight recklessly!
You are too injured to fight recklessly!
You are too injured to fight recklessly!
You are too injured to fight recklessly!
You are too injured to fight recklessly!
You are too injured to fight recklessly!
You are too injured to fight recklessly!
You are too injured to fight recklessly!
You are too injured to fight recklessly!
You are too injured to fight recklessly!
You are too injured to fight recklessly!
You are too injured to fight recklessly!
You are too injured to fight recklessly!
You are too injured to fight recklessly!
You are too injured to fight recklessly!
You barely miss Terence.
Terence is severely wounded.
Terence hits you with a +0 hand axe!
* * * LOW HITPOINT WARNING * * *
You closely miss Terence.
Terence is severely wounded.
Terence hits you with a +0 hand axe!
* * * LOW HITPOINT WARNING * * *
You hit Terence but do no damage.
Terence is severely wounded.
Terence hits you with a +0 hand axe!
You die...
Terence says, "Rest in peace."

....# ....# ..
..... ....# #...
...## ....######..
....# .....#..##.#
...## ........##.#
....
...........#####..
............#.##@#
...###...#....##@#
...#
#...#.......####
...#
#..............#
...#
#.......##........
...#
#...#######./....#
...# #...#
######## ...#
#...# ...#######
.......


You could see Terence.

Vanquished Creatures
  3 adders (D:2)
  3 ribbon worms (D:2)
  2 dart slugs (D:2)
  A ball python (D:2)
  3 bats
  4 endoplasms
  4 goblins
  2 hobgoblins
  2 jackals (D:2)
  A frilled lizard (D:1)
  2 kobolds (D:2)
  2 rats (D:2)
29 creatures vanquished.

Notes
Turn   | Place    | Note
-------+----------+-------------------------------------------
     0 | D:1      | Gadfly the Oni Gladiator began the quest for the Orb.
     0 | D:1      | Reached XP level 1. HP: 22/22 MP: 1/1
   336 | D:1      | Reached XP level 2. HP: 21/29 MP: 2/2
   355 | D:1      | Found a faded altar of an unknown god.
   420 | D:1      | You fall into a shaft and drop 1 floor!
   469 | D:2      | Reached skill level 1 in Invocations
   492 | D:2      | Reached XP level 3. HP: 36/36 MP: 3/3
   502 | D:2      | Reached skill level 1 in Armour
   722 | D:2      | Reached skill level 1 in Evocations
   740 | D:2      | Reached XP level 4. HP: 27/44 MP: 5/5
   792 | D:2      | Noticed Terence
   809 | D:2      | Slain by Terence

Illustrated notes

Levels and vault maps discovered:
D:1:      heliophobic_arrival_enchanted_forest, layout_loops_ring,
          dreamdust_ecumenical_altar_angels_and_demons
D:2:      layout_basic, hangedman_decor_growths, uniq_terence

Skill      XL: |  1  2  3 |
---------------+----------+-----
Invocations    | 1 |  1.6
Armour         | 1 |  1.3
Evocations     | 1 |  1.1
Fighting       | |  2.8
Maces & Flails | |  3.4
Throwing       | |  2.5
Dodging        | |  2.6

Action                     |  1- 3 |  4- 6 || total
---------------------------+-------+-------++-------
  Melee: Flail             |    87 |    21 ||   108
         Headbutt          |    11 |       ||    11
 Armour: Robe              |    72 |    17 ||    89
  Dodge: Dodged            |    52 |    10 ||    62
